 Dungeon Crawl Stone Soup version 0.29-a0-1027-gcd8c55af63 (webtiles) character file.

Game seed: 944779438762086562

645 timneilson the Covered (level 7, -5/44 HPs)
             Began as a Gargoyle Fighter on Aug 13, 2022.
             Killed from afar by a steam dragon (11 damage)
             ... with a ball of steam
             ... on level 5 of the Dungeon.
             The game lasted 00:06:43 (4458 turns).

timneilson the Covered (Gargoyle Fighter)           Turns: 4458, Time: 00:06:44

Health: -5/44      AC: 17    Str: 27    XL:     7   Next: 52%
Magic:  7/7        EV:  8    Int:  9    God:
Gold:   211        SH:  4    Dex:  9    Spells: 6/6 levels left

rFire   . . .      SeeInvis .   a - +1 long sword (drain)
rCold   . . .      Faith    .   c - +0 buckler
rNeg    + . .      Spirit   .   o - +0 chain mail
rPois   ∞          Reflect  .   (no helmet)
rElec   +          Harm     .   (no cloak)
rCorr   .          Rampage  .   f - +0 pair of gloves
Will    .....                   j - +0 pair of boots
Stlth   ..........              (no amulet)
HPRegen 0.14/turn               k - +6 ring of strength
MPRegen 0.10/turn               (no ring)

@: no status effects
A: sickness immunity, AC +4, negative energy resistance 1, electricity
resistance, torment resistance 1, petrification resistance
a: no special abilities


You were on level 5 of the Dungeon.
You visited 1 branch of the dungeon, and saw 5 of its levels.

You collected 211 gold pieces.

Inventory:

Hand Weapons
 a - a +1 long sword of draining (weapon)
Armour
 c - a +0 buckler (worn)
 f - a +0 pair of gloves (worn)
 j - a +0 pair of boots (worn)
 o - a +0 chain mail (worn)
 t - a +0 plate armour
Jewellery
 k - a +6 ring of strength (left hand)
Wands
 m - a wand of mindburst (10)
Scrolls
 d - a scroll of brand weapon
 g - 7 scrolls of teleportation
 p - a scroll of identify
 r - 2 scrolls of poison
 u - a scroll of magic mapping {unknown}
 v - a scroll of vulnerability {unknown}
Potions
 b - a potion of haste
 e - 6 potions of curing
 h - 4 potions of heal wounds {unknown}
 i - 6 potions of attraction
 l - 2 potions of mutation {unknown}
 n - a potion of magic {unknown}
 q - 2 potions of flight {unknown}
 s - a potion of resistance {unknown}


   Skills:
 + Level 4.3 Fighting
 * Level 3.8 Long Blades
 * Level 5.4 Armour
 + Level 1.9 Dodging
 * Level 5.3 Shields
 + Level 1.2 Evocations


You had 6 spell levels left.
You didn't know any spells.
Your spell library contained the following spells:

 Spells                   Type           Power      Damage    Failure   Level
 Beastly Appendage        Tmut           0%         N/A       96%         1
 Magic Dart               Conj           0%         1d3       96%         1
 Call Imp                 Summ           0%         N/A       99%         2
 Wereblood                Tmut           0%         N/A       99%         2
 Mephitic Cloud           Conj/Pois/Air  0%         N/A       100%        3
 Spider Form              Tmut/Pois      0%         N/A       100%        3


Dungeon Overview and Level Annotations

Branches:
Dungeon (5/15)
 Temple: D:4-7

Altars:


Innate Abilities, Weirdness & Mutations

You are immune to sickness and miasma.
Your stone body is resilient. (AC +4)
You are immune to poison.
You resist negative energy. (rN+)
You are resistant to electric shocks. (rElec)
You are resistant to unholy torment.
You are immune to petrification.


Message History

The steam dragon claws you but does no damage.
You closely miss the steam dragon.
You are engulfed in a cloud of scalding steam.
The steam dragon breathes steam at you. The ball of steam hits you!
The steam dragon bites you but does no damage.
The steam dragon claws you but does no damage.
You hit the steam dragon. You drain the steam dragon.
The steam dragon is moderately wounded.
The steam dragon bites you but does no damage.
The steam dragon claws you but does no damage.
You closely miss the steam dragon.
The steam dragon is moderately wounded.
The steam dragon breathes steam at you. The ball of steam hits you!
* * * LOW HITPOINT WARNING * * *
You barely miss the steam dragon.
The steam dragon is moderately wounded.
The steam dragon barely misses you.
The steam dragon claws you but does no damage.
You hit the steam dragon.
The steam dragon is heavily wounded.
The steam dragon closely misses you.
The steam dragon claws you but does no damage.
You block the steam dragon's attack.
The steam dragon claws you but does no damage.
You closely miss the steam dragon.
The steam dragon is heavily wounded.
The steam dragon bites you but does no damage.
The steam dragon claws you but does no damage.
You hit the steam dragon. You drain the steam dragon.
The steam dragon is severely wounded.
The steam dragon breathes steam at you. The ball of steam misses you.
You completely miss the steam dragon.
The steam dragon is severely wounded.
You are engulfed in a cloud of scalding steam.
The steam dragon breathes steam at you. The ball of steam hits you!
You die...

################
...............#
...........§§..#
......D@§..§.>.#
............§..#
...#####.......#
. #.......#
...+.......#
#..#.......#
#....#
#..#.....###
#....#
#..+.....#
#....#
#..#.....#


You could see a steam dragon (catching breath, very drained).

Vanquished Creatures
  Eustachio (D:4)
  An ogre (D:4)
  An orc priest (D:3)
  A hound (D:4)
  An orc wizard (D:3)
  Terence (D:2)
  3 iguanas
  Natasha (twice) (D:2)
  5 adders
  6 gnolls
  A white imp (D:5)
  An ufetubus (D:5)
  2 worms
  A dart slug (D:4)
  4 orcs (D:3)
  8 endoplasms
  2 giant cockroaches
  4 goblins
  2 hobgoblins
  5 jackals
  4 kobolds
  6 quokkas
  3 ball pythons
  6 bats
  6 frilled lizards
  3 rats
80 creatures vanquished.

Notes
Turn   | Place    | Note
-------+----------+-------------------------------------------
     0 | D:1      | timneilson the Gargoyle Fighter began the quest for the
                  | Orb.
     0 | D:1      | Reached XP level 1. HP: 14/14 MP: 1/1
   185 | D:1      | Reached XP level 2. HP: 19/19 MP: 2/2
   822 | D:1      | Reached XP level 3. HP: 23/23 MP: 3/3
  1151 | D:1      | Found a faded altar of an unknown god.
  1191 | D:2      | Noticed Natasha
  1203 | D:2      | Killed Natasha
  1573 | D:2      | Reached XP level 4. HP: 10/28 MP: 4/4
  1873 | D:2      | Noticed Terence
  1893 | D:2      | Killed Terence
  1894 | D:2      | Reached skill level 1 in Dodging
  2142 | D:2      | Reached XP level 5. HP: 33/33 MP: 5/5
  2609 | D:2      | Noticed Natasha
  2620 | D:2      | Killed Natasha
  2928 | D:3      | Reached XP level 6. HP: 28/38 MP: 6/6
  3585 | D:4      | Noticed Eustachio
  3608 | D:4      | Killed Eustachio
  3609 | D:4      | Reached skill level 5 in Armour
  3609 | D:4      | Reached skill level 5 in Shields
  3609 | D:4      | Reached skill level 1 in Evocations
  3609 | D:4      | Reached XP level 7. HP: 25/43 MP: 7/7
  4163 | D:5      | Entered Level 5 of the Dungeon
  4446 | D:5      | Noticed a steam dragon
  4458 | D:5      | Killed from afar by a steam dragon

Illustrated notes

Levels and vault maps discovered:
D:1:      tarquinn_simple_flora_water_a, layout_loops_ring,
          shapermc_ecumenical_altar_hornbeckon, nrook_campfire
D:2:      layout_loops_cross, uniq_terence, uniq_natasha
D:3:      layout_rooms
D:4:      layout_basic, uniq_eustachio
D:5:      layout_gridville, gammafunk_temple_overflow_wave

Skill      XL: |  1  2  3  4  5  6 |
---------------+-------------------+-----
Long Blades    | 2 3 |  3.8
Armour         | 4 5 |  5.4
Shields        | 4 5 |  5.3
Dodging        | 1 |  1.9
Fighting       | 4 |  4.3
Evocations     | 1 |  1.2

Action                   |  1- 3 |  4- 6 |  7- 9 || total
-------------------------+-------+-------+-------++-------
Melee: Long sword        |   131 |   180 |    80 ||   391
  Use: Scroll            |     2 |     7 |     1 ||    10
       Potion            |       |     1 |       ||     1
Armor: Scale mail        |    87 |    16 |       ||   103
       Chain mail        |       |   143 |    80 ||   223
Dodge: Dodged            |    72 |    91 |    40 ||   203
Block: Buckler           |    47 |    53 |    20 ||   120

Table legend: (Time is in decaauts)
 A = Elapsed time spent in this place.
 B = Non-inter-level travel time spent in this place.
 C = Inter-level travel time spent in this place.
 D = Time resting spent in this place.
 E = Time spent auto-exploring this place.
 F = Levels seen in this place.
 G = Mean time per level.
                   A        B        C        D        E       F      G
               +--------+--------+--------+--------+--------+-----+--------+
         Total |   4578 |   4548 |     30 |      0 |   3637 |   5 |  915.6 |
       Dungeon |   4578 |   4548 |     30 |      0 |   3637 |   5 |  915.6 |
               +--------+--------+--------+--------+--------+-----+--------+

Top non-repeatable levels by time:
     D:2: 1739 daAuts
     D:1: 1203 daAuts
     D:4: 834 daAuts
     D:3: 495 daAuts
     D:5: 305 daAuts
